Map: Pillars of Gold LE

Players

EnDerr - Winner!

  • Race: Zerg Zerg
  • Spawn Location: 1:00

RazerBlader

  • Race: Terran Terran
  • League: Master
  • Spawn Location: 7:00

Event: DreamHack SC2 Masters 2020 Winter

VOD

Have the link to the VOD?

Description

Time

  • Played on: Oct. 23, 2020, 5:17 a.m.
  • Length: 16:35

All games in this series

Show
View Real Time Build Order
Export as new Build Order

EnDerr Zerg - Winner!

Build Orders: Hatch First, Muta Ling Bane 

Get SALT Encoding   

  12  0:00  Drone  
  13  0:13  Overlord  
  13  0:18  Drone  
  14  0:32  Drone  
  14  0:33  Drone  
  16  0:50  Hatchery  
  16  0:54  Drone  
  16  0:57  Drone  
  17  1:01  Drone  
  18  1:10  Extractor  
  17  1:18  Spawning Pool  
  16  1:21  Drone  
  16  1:24  Drone  
  18  1:30  Drone  
  19  1:44  Drone  
  20  1:51  Overlord  
  20  2:02  Drone x2  
  20  2:05  Queen  
  20  2:08  Queen  
  26  2:13  Metabolic Boost  
  26  2:22  Extractor  
  26  2:23  Drone x2  
  28  2:31  Extractor  
  28  2:33  Drone x3  
  30  2:40  Spore Crawler  
  31  2:52  Hatchery  
  31  2:55  Overlord  
  30  2:59  Drone x2  
  30  3:02  Drone x2  
  34  3:10  Overlord  
  34  3:17  Drone  
  34  3:18  Drone x4  
  39  3:23  Queen  
  41  3:32  Baneling Nest  
  41  3:33  Overlord  
  40  3:44  Zergling x8  
  40  3:45  Zergling x2  
  45  3:53  Drone x3  
  45  3:54  Drone x2  
  50  3:59  Overlord  
  50  4:00  Overlord  
  50  4:04  Queen  
  52  4:10  Zergling x2  
  52  4:11  Zergling x2  
  52  4:15  Drone x2  
  56  4:17  Spore Crawler  
  56  4:22  Zergling x6  
  58  4:27  Spore Crawler  
  58  4:30  Extractor  
  57  4:32  Baneling x2  
  57  4:33  Zergling x10, Baneling x2  
  57  4:38  Queen  
  62  4:39  Zergling x2  
  62  4:40  Zergling x2  
  62  4:41  Zergling x2  
  62  4:43  Baneling x2  
  62  4:44  Baneling  
  58  5:01  Drone x7  
  58  5:03  Drone  
  61  5:10  Baneling x2  
  61  5:13  Drone x3  
  61  5:14  Drone  
  65  5:17  Drone  
  66  5:21  Drone x2  
  66  5:24  Drone  
  67  5:32  Hatchery  
  67  5:35  Extractor  
  64  5:37  Evolution Chamber, Drone x2, Extractor  
  64  5:38  Lair, Spore Crawler, Evolution Chamber  
  64  5:42  Zergling x6  
  64  5:49  Zergling x4  
  66  5:50  Zergling x2  
  66  5:51  Zergling x2, Queen  
  66  5:53  Zergling x4  
  66  5:54  Zergling x4  
  74  6:07  Overlord  
  74  6:08  Overlord x2  
  74  6:09  Pneumatized Carapace  
  74  6:15  Zerg Melee Weapons Level 1  
  74  6:28  Zerg Ground Armor Level 1  
  75  6:32  Drone  
  75  6:33  Zergling x12, Drone x2  
  75  6:34  Zergling x6  
  86  6:41  Zergling x4  
  87  6:48  Drone  
  87  6:50  Drone x3  
  87  6:51  Centrifical Hooks  
  91  6:54  Overlord  
  91  6:55  Zergling x6  
  91  7:00  Zergling x6  
  97  7:06  Zergling x4  
  97  7:07  Zergling x2  
  100  7:10  Queen  
  100  7:12  Zergling x2  
  103  7:17  Baneling x9  
  103  7:18  Drone x2  
  103  7:21  Overlord  
  103  7:22  Drone x2  
  100  7:30  Zergling x8  
  100  7:31  Hatchery  
  100  7:32  Zergling x2  
  100  7:33  Baneling x2  
  100  7:34  Zergling x6  
  100  7:35  Zergling x2  
  100  7:36  Zergling x2  
  107  7:39  Zergling x2  
  107  7:41  Zergling x2  
  107  7:42  Zergling x2  
  101  7:48  Drone x2  
  101  7:49  Drone  
  101  7:50  Spire  
  101  7:51  Drone  
  104  7:56  Drone x2  
  104  7:57  Drone x4  
  104  7:58  Drone  
  108  7:59  Drone  
  108  8:05  Extractor  
  106  8:06  Extractor  
  106  8:12  Extractor  
  104  8:13  Drone x2  
  104  8:14  Drone  
  104  8:15  Drone x3  
  104  8:17  Zergling x10  
  104  8:19  Zergling x2  
  116  8:22  Zergling x4  
  116  8:23  Zergling x2  
  116  8:24  Overlord x3  
  116  8:26  Zerg Melee Weapons Level 2  
  115  8:37  Drone x2  
  115  8:39  Zerg Ground Armor Level 2  
  117  8:47  Drone x2  
  119  8:57  Overlord x4  
  119  9:03  Mutalisk  
  119  9:04  Mutalisk x6  
  119  9:06  Zergling x20  
  143  9:10  Zerg Flyer Weapons Level 1  
  143  9:14  Mutalisk  
  144  9:18  Mutalisk  
  144  9:23  Zergling x2  
  147  9:26  Mutalisk  
  147  9:27  Zergling x2, Overseer  
  147  9:28  Zergling x2  
  147  9:29  Zergling x18  
  147  9:31  Zergling x6  
  156  9:33  Mutalisk  
  156  9:38  Mutalisk  
  162  9:43  Mutalisk  
  161  9:46  Zergling x4  
  161  9:47  Zergling x4  
  161  9:48  Mutalisk  
  166  9:53  Zergling x18  
  175  10:07  Mutalisk  
  175  10:09  Overlord x2  
  175  10:10  Zergling x2  
  175  10:11  Zergling x6  
  175  10:13  Infestation Pit  
  180  10:15  Baneling  
  180  10:18  Baneling x2  
  180  10:19  Baneling x14  
  180  10:20  Zergling x2  
  180  10:21  Overlord x2  
  181  10:27  Baneling x6  
  181  10:30  Zergling x2  
  181  10:31  Zergling x18  
  190  10:36  Extractor  
  190  10:38  Overlord x3  
  189  10:44  Baneling x4  
  189  10:46  Drone x3  
  192  10:51  Hive  
  192  10:53  Zergling x2  
  192  10:54  Zergling x2  
  188  10:57  Zergling x2  
  188  10:58  Mutalisk  
  188  11:01  Zergling x30  
  188  11:02  Zergling x6  
  188  11:04  Zergling x2  
  183  11:09  Zergling x4  
  179  11:22  Drone x3  
  182  11:27  Mutalisk x8  
  182  11:30  Baneling  
  182  11:31  Baneling x2  
  198  11:33  Zergling x2  
  198  11:37  Zergling x2  
  196  11:51  Baneling x7  
  196  11:55  Zergling x2  
  190  12:03  Zergling x10  
  190  12:04  Zergling x10, Hatchery  
  198  12:09  Adrenal Glands  
  198  12:15  Ultralisk Cavern  
  197  12:17  Zerg Ground Armor Level 3  
  197  12:19  Zerg Melee Weapons Level 3  
  197  12:24  Spore Crawler  
  197  12:26  Spore Crawler  
  195  12:32  Extractor  
  157  12:58  Overseer  
  148  13:01  Baneling  
  148  13:02  Baneling x9  
  148  13:06  Chitinous Plating  
  148  13:08  Ultralisk  
  148  13:09  Ultralisk  
  160  13:13  Extractor  
  154  13:30  Ultralisk x2  
  166  13:39  Ultralisk  
  172  13:47  Ultralisk  
  178  13:53  Zergling x2  
  179  13:57  Zergling x24  
  179  13:58  Zergling x4  
  191  14:09  Ultralisk  
  195  14:18  Zergling x2  
  195  14:23  Zergling x4  
  198  14:24  Baneling x3  
  198  14:25  Zergling x4, Anabolic Synthesis, Baneling x10  
  200  14:37  Zergling x2  
  197  14:44  Zergling x2  
  197  14:45  Zergling x6  
  187  14:50  Ultralisk x3, Swarm Host  
  191  14:56  Zergling x2  
  191  14:57  Zergling x26  
  199  15:03  Zergling x4  
  199  15:05  Zergling x2  
  199  15:06  Zergling x2  
  191  15:14  Zergling x2  
  192  15:16  Ultralisk  
  192  15:19  Zergling x2  
  199  15:27  Zergling x4  
  196  15:30  Zergling x2  
  197  15:36  Zergling x2  
  197  15:38  Zergling x2  
  199  15:48  Baneling  
  199  15:49  Baneling x23  
  199  15:50  Baneling  
  199  15:56  Zergling x2  
  199  15:57  Zergling x2  
  198  16:01  Zergling x6  
  198  16:02  Zergling x2  
  198  16:03  Zergling x2  
  184  16:06  Zergling x2  
  184  16:10  Zergling x42  
Show
View Real Time Build Order
Export as new Build Order

RazerBlader Terran 

Build Orders: Hellion Opening, Reaper Expand 

Get SALT Encoding   

  12  0:00  SCV  
  13  0:12  SCV  
  14  0:18  Supply Depot  
  14  0:24  SCV  
  15  0:39  SCV  
  15  0:41  Barracks  
  16  0:46  Refinery  
  16  0:51  SCV  
  17  1:04  SCV  
  18  1:16  SCV  
  19  1:28  Reaper, Orbital Command  
  20  1:42  Command Center  
  20  1:52  Supply Depot  
  20  1:54  SCV  
  20  2:00  Marine  
  22  2:07  SCV  
  23  2:11  Factory  
  23  2:19  SCV  
  23  2:20  Refinery  
  24  2:25  Barracks Reactor  
  24  2:31  SCV  
  25  2:43  SCV  
  26  2:54  Orbital Command  
  26  2:55  SCV  
  26  2:56  Starport  
  27  3:07  SCV  
  27  3:08  Hellion  
  27  3:09  Hellion  
  27  3:11  Marine  
  33  3:19  SCV  
  34  3:20  SCV  
  34  3:22  Supply Depot  
  35  3:30  Hellion x2  
  35  3:31  SCV  
  40  3:37  Medivac  
  42  3:42  Marine  
  42  3:43  Armory  
  42  3:48  SCV  
  44  3:49  SCV  
  44  3:51  Hellion  
  49  3:55  Hellion  
  49  4:00  SCV  
  49  4:01  Supply Depot, Marine  
  51  4:03  SCV  
  52  4:12  SCV  
  52  4:16  SCV  
  54  4:22  Barracks Tech Lab  
  54  4:23  Liberator  
  61  4:24  Hellion x2  
  61  4:27  SCV, Supply Depot  
  62  4:46  Command Center  
  62  4:49  SCV x2, Hellion  
  58  5:00  Hellion  
  58  5:01  SCV x2  
  54  5:07  Marine  
  54  5:13  SCV x2  
  57  5:24  Starport Reactor  
  57  5:25  SCV x2  
  57  5:26  Stimpack  
  59  5:31  Barracks  
  59  5:33  Factory Reactor  
  59  5:34  Barracks  
  51  5:37  SCV x2, Marine  
  50  5:49  SCV  
  52  5:50  SCV  
  52  5:52  Engineering Bay x2  
  52  5:56  Marine  
  53  6:00  Orbital Command  
  53  6:01  SCV  
  53  6:02  SCV  
  55  6:09  Widow Mine x2  
  59  6:12  Starport Reactor  
  59  6:14  SCV x2, Marine  
  62  6:19  Refinery  
  62  6:20  Terran Infantry Weapons Level 1, Terran Infantry Armor Level 1  
  62  6:21  Refinery, Marine  
  63  6:26  SCV x2, Marine  
  63  6:30  Marine  
  63  6:31  Marine  
  63  6:32  SCV, Marine  
  70  6:38  SCV x2  
  70  6:39  Marine  
  73  6:43  Supply Depot  
  73  6:44  Marine  
  73  6:45  Supply Depot, Widow Mine  
  74  6:48  Widow Mine, Marine  
  74  6:49  Orbital Command  
  74  6:53  Marine x2  
  78  6:54  Medivac  
  78  6:57  Medivac, Marine  
  84  7:01  SCV  
  84  7:02  SCV  
  84  7:08  Combat Shield, Marine x2  
  85  7:13  SCV  
  85  7:15  Factory  
  88  7:16  SCV  
  88  7:17  SCV  
  88  7:20  Marine x3  
  93  7:25  SCV  
  93  7:29  SCV x2  
  95  7:34  Marine x2  
  95  7:37  Marine  
  95  7:38  SCV  
  95  7:41  Widow Mine x2  
  101  7:46  SCV x2  
  101  7:48  Marine  
  101  7:50  SCV  
  105  7:52  Marine  
  105  7:57  Barracks  
  103  7:58  SCV  
  103  7:59  Barracks  
  103  8:00  SCV  
  103  8:02  SCV, Medivac, Widow Mine  
  103  8:03  Medivac  
  109  8:09  Marine x2  
  109  8:10  SCV, Marine  
  109  8:11  Factory Tech Lab  
  109  8:12  SCV  
  114  8:14  SCV  
  115  8:21  Marine  
  115  8:22  SCV, Terran Infantry Weapons Level 2  
  115  8:25  Supply Depot  
  117  8:30  Refinery  
  117  8:34  SCV  
  117  8:38  Supply Depot  
  117  8:39  Supply Depot  
  117  8:40  SCV x2, Medivac, Terran Infantry Armor Level 2, Marine x2  
  123  8:41  Marine  
  123  8:42  Marine  
  125  8:51  Barracks Reactor x2  
  125  8:52  SCV  
  125  8:53  SCV x2  
  125  8:55  Widow Mine x2  
  132  8:56  Drilling Claws  
  132  8:58  Marine  
  132  8:59  Marine  
  134  9:02  Supply Depot  
  134  9:04  Supply Depot  
  134  9:05  Marine  
  134  9:06  Marine  
  136  9:11  Marine  
  136  9:16  Medivac x2  
  142  9:17  Marine  
  142  9:23  Marine  
  144  9:24  Marine  
  144  9:27  Marine, Widow Mine  
  144  9:29  Marine  
  144  9:30  Marine x2  
  148  9:42  Command Center  
  148  9:44  Supply Depot  
  141  9:47  Marine  
  141  9:49  Marine x3  
  141  9:51  Thor  
  141  9:52  Widow Mine, Marine  
  142  9:55  Supply Depot  
  142  9:56  Marine  
  143  10:02  Marine x2  
  143  10:04  SCV  
  143  10:06  Missile Turret, Marine  
  147  10:07  Missile Turret  
  147  10:11  Missile Turret  
  147  10:13  Bunker, Marine  
  148  10:15  Marine  
  148  10:18  SCV, Marine  
  148  10:20  SCV  
  152  10:23  Marine x2  
  154  10:30  Marine  
  154  10:31  Terran Vehicle And Ship Armor Level 1  
  155  10:39  Marine x2  
  155  10:40  Thor  
  155  10:41  Widow Mine x2  
  155  10:42  Marine x2  
  168  10:43  Marine  
  168  10:45  Marine  
  168  10:49  Marine x2, Sensor Tower  
  173  10:50  Marine  
  173  10:57  Marine  
  171  11:01  Terran Infantry Weapons Level 3  
  159  11:06  Terran Infantry Armor Level 3  
  159  11:09  SCV x2  
  159  11:11  Marine x4  
  151  11:14  SCV  
  151  11:15  Widow Mine  
  151  11:16  Marine x3  
  159  11:21  SCV  
  159  11:24  Widow Mine x2  
  159  11:25  Marine x2  
  164  11:28  Marine  
  164  11:29  Marine  
  164  11:30  Planetary Fortress  
  168  11:33  SCV, Marine  
  168  11:37  Marine x2  
  168  11:39  SCV  
  171  11:42  SCV  
  171  11:44  Marine x2  
  174  11:49  SCV  
  174  11:52  Widow Mine x2  
  179  11:57  Missile Turret  
  179  12:00  Medivac  
  179  12:06  Marine  
  179  12:07  Marine x5  
  175  12:10  SCV  
  175  12:14  Barracks x2  
  175  12:15  Barracks  
  175  12:17  SCV x3  
  175  12:18  Marine x2  
  175  12:21  Widow Mine  
  175  12:22  SCV, Medivac, Widow Mine x2  
  189  12:25  Marine x3  
  189  12:26  Orbital Command  
  189  12:29  SCV  
  193  12:30  Medivac  
  193  12:34  Marine  
  193  12:36  Marauder  
  159  12:58  SCV, Marine x2  
  159  12:59  Marauder  
  159  13:03  Command Center, Missile Turret  
  164  13:10  SCV x3, Marine x3  
  164  13:11  SCV, Supply Depot x2, Marine  
  172  13:13  Supply Depot  
  172  13:17  Marine x2  
  172  13:19  Marine x3  
  163  13:20  Marauder, Marine  
  163  13:23  SCV x2  
  166  13:28  Marine x4  
  166  13:33  Medivac x2  
  174  13:35  Marine x2  
  174  13:36  Marine  
  174  13:37  Marine  
  174  13:38  SCV  
  180  13:41  Marauder  
  180  13:44  Barracks Tech Lab x2  
  180  13:46  Marine  
  182  13:51  Marine  
  182  13:52  Sensor Tower  
  182  13:54  Marine x2  
  183  14:00  Marine x3  
  183  14:01  Marine  
  183  14:02  SCV  
  188  14:03  Marauder  
  188  14:04  Barracks Tech Lab  
  188  14:07  SCV  
  188  14:08  Marine  
  188  14:09  Marine  
  193  14:14  Bunker  
  193  14:16  Medivac  
  193  14:18  Marine x2  
  193  14:19  Marine  
  193  14:22  Marine  
  193  14:23  Marine  
  198  14:27  Marine x2  
  195  14:39  Marauder x2, Marine x2  
  195  14:45  Marauder, Marine x3  
  193  14:46  Marauder  
  193  14:50  Widow Mine  
  185  14:53  Marine  
  185  14:59  Marine x3  
  183  15:05  Marine x2  
  184  15:08  Marine  
  184  15:09  Marine  
  184  15:21  Marine, Widow Mine x2  
  187  15:27  Marine  
  188  15:28  Marine  
  188  15:30  Marine  
  188  15:31  Marine  
  189  15:40  Marauder, Marine x2  
  189  15:41  Marine  
  186  16:00  Marine x2  
  186  16:01  Marine x4  
  186  16:02  Widow Mine  
  186  16:03  Marine, Widow Mine x2  
  166  16:07  Marine  
  166  16:08  Marauder, Marine x2  
  166  16:09  Marine  
Tags
 
Add a new tag
Caveats
  • Supply blocks, unpowered buildings, or Contaminate may cause inaccurate times.
  • Supply counts are checked every 10 seconds.